 Dungeon Crawl Stone Soup version 0.30-a0-39-g42789b21ef (webtiles) character file.

Game seed: 15207072037124109026

7973 nucleargodhead the Fighter (level 11, -2/142 HPs)
             Began as a Demonspawn Berserker on Aug 28, 2022.
             Was a Priest of Trog.
             Slain by a fire dragon (6 damage)
             ... on level 10 of the Dungeon.
             The game lasted 00:20:45 (13088 turns).

nucleargodhead the Fighter (Demonspawn Berserker)  Turns: 13088, Time: 00:20:46

Health: -2/142     AC: 13    Str: 26    XL:     11   Next: 3%
Magic:  11/11      EV:  9    Int:  9    God:    Trog [***...]
Gold:   330        SH:  0    Dex: 14    Spells: 10/10 levels left

rFire   . . .      SeeInvis .    F - +5 mace "Guyto" {freeze, rCorr}
rCold   + . .      Faith    .    (no shield)
rNeg    . . .      Spirit   .    z - +0 chain mail
rPois   .          Reflect  .    (no helmet)
rElec   .          Harm     .    o - +0 cloak
rCorr   +          Rampage  .    G - +0 pair of gloves
Will    .....                    (no boots)
Stlth   ..........               f - amulet of magic regeneration
HPRegen 0.33/turn                d - ring of protection from cold
MPRegen 0.52/turn                H - +6 ring of strength

@: berserking (expiring), very quick
A: hooves 2, icy blue scales 2, powered by pain 1
a: Renounce Religion, Berserk, Trog's Hand


You were on level 10 of the Dungeon.
You worshipped Trog.
Trog was most pleased with you.
You visited 1 branch of the dungeon, and saw 10 of its levels.

You collected 566 gold pieces.
You spent 236 gold pieces at shops.

Inventory:

Hand Weapons
 a - a +0 mace
 t - a +2 whip of flaming
 y - a +2 mace of protection
 F - the +5 mace "Guyto" (weapon) {freeze, rCorr}
   (You bought it in a shop on level 2 of the Dungeon)

   It freezes those it strikes, dealing additional cold damage.
   It can also slow down cold-blooded creatures.
   rCorr:     It protects you from acid and corrosion.
Armour
 o - a +0 cloak (worn)
 x - a +0 plate armour
 z - a +0 chain mail (worn)
 G - a +0 pair of gloves (worn)
Jewellery
 d - a ring of protection from cold (left hand)
 f - an amulet of magic regeneration (around neck)
 H - a +6 ring of strength (right hand)
 M - a ring of fire
Wands
 h - a wand of paralysis (11)
 s - a wand of flame (20)
 v - a wand of iceblast (15)
 D - a wand of quicksilver (8)
Scrolls
 b - 5 scrolls of teleportation {unknown}
 g - 2 scrolls of brand weapon
 i - 2 scrolls of enchant weapon {unknown}
 j - a scroll of blinking {unknown}
 k - a scroll of amnesia {unknown}
 m - 4 scrolls of summoning
 n - a scroll of enchant armour {unknown}
 q - a scroll of noise {unknown}
 u - 2 scrolls of poison {unknown}
 w - 2 scrolls of immolation {unknown}
 A - 2 scrolls of fog {unknown}
 B - 2 scrolls of silence
 C - 3 scrolls of magic mapping
 K - a scroll of torment {unknown}
 L - a scroll of identify
Potions
 c - 3 potions of resistance
 e - 4 potions of curing
 l - 2 potions of mutation
 p - a potion of cancellation
 r - 2 potions of magic
 E - 2 potions of flight
 I - 2 potions of haste
 J - a potion of heal wounds
 N - a potion of berserk rage


   Skills:
 * Level 12.0 Fighting
 + Level 11.7 Maces & Flails
 - Level 1.7 Armour
 - Level 1.7 Dodging
 - Level 1.6 Stealth


You had 10 spell levels left.
You didn't know any spells.
Your spell library was empty.

Dungeon Overview and Level Annotations

Branches:
Dungeon (10/15)            Temple (0/1) D:4            Lair (0/5) D:8
    Orc: D:9-12

Altars:
Ashenzari
Fedhas
Makhleb
Nemelex Xobeh
Ru
Sif Muna
Xom

Shops:
D:2 *=   D:6 =   D:7 !:?


Innate Abilities, Weirdness & Mutations

You have hoof-like feet.
You are mostly covered in icy blue scales. (AC +3)
You sometimes gain a little power by taking damage.


Message History

You feel yourself moving faster!
You feel mighty!
The fire dragon bites you but does no damage.
The fire dragon claws you. The fire dragon tramples you!
You stumble backwards!
You sock the fire dragon! You freeze the fire dragon.
You kick the fire dragon, but do no damage.
The fire dragon is lightly wounded.
The fire dragon breathes flames at you. The blast of flame hits you!!
* * * LOW HITPOINT WARNING * * *
You bludgeon the fire dragon!! You freeze the fire dragon.
You kick the fire dragon, but do no damage.
The fire dragon is moderately wounded.
You hit the fire dragon. You freeze the fire dragon.
The fire dragon is heavily wounded.
The fire dragon bites you.
* * * LOW HITPOINT WARNING * * *
The fire dragon claws you!
* * * LOW HITPOINT WARNING * * *
The fire dragon tramples you but does no damage.
You are too berserk!
You hit the fire dragon but do no damage.
The fire dragon is heavily wounded.
You hit the fire dragon but do no damage.
You kick the fire dragon.
The fire dragon is heavily wounded.
The fire dragon bites you but does no damage.
The fire dragon claws you but does no damage.
The fire dragon barely misses you.
You thump the fire dragon! You freeze the fire dragon!
The fire dragon is severely wounded.
The fire dragon closely misses you. The fire dragon claws you.
* * * LOW HITPOINT WARNING * * *
The fire dragon barely misses you.
You barely miss the fire dragon. You kick the fire dragon!
The fire dragon is almost dead.
You sock the fire dragon! You freeze the fire dragon.
Your kick misses the fire dragon.
The fire dragon is almost dead.
The fire dragon bites you.
You die...

...#####.######.....#####..######
...#.......<..........# #..#
.).#.###.###..#.#.#.#.# #.)#
...#.##..# #..#.#.#.#.# #..#
.)...##..# #..#.#.#.#.# #..# ####
.....##..# #..#.#.#.#.# #..# #...
....###.######################.##
........#...................)')#.
........#......D@.....)......#.##
######..#..###############†.##.#
........# ..........# #)..#..#
.....>..# ..........###...#..#
..###...# ########..##...##..##
<.# #.#.# #..#....#...#. ..#
#.#.# #......##...#. #.# #.#.#
##....###....#. #.# #.#.#
#..####......#.


You could see a fire dragon.

Vanquished Creatures
  A hydra (D:10)
  A two-headed ogre (D:10)
  A manticore (D:10)
  An unseen horror (D:7)
  A tengu conjurer (D:10)
  A komodo dragon (D:10)
  A troll (D:10)
  A hornet (D:10)
  Sigmund (D:3)
  4 yaks
  3 wraiths (D:10)
  3 steam dragons
  A water moccasin (D:5)
  A black bear (D:5)
  An ice beast (D:7)
  3 orc warriors
  2 ogres (D:5)
  2 centaurs (D:10)
  4 kobold brigands
  3 bullfrogs
  A gnoll sergeant (D:9)
  A scorpion (D:6)
  3 wights (D:7)
  14 killer bees
  5 howler monkeys
  An electric eel (D:7)
  7 orc priests
  4 hounds
  2 gnoll boudas
  Terence (D:3)
  3 iguanas
  13 orc wizards
  Robin (D:3)
  10 gnolls
  5 adders
  A shadow imp (D:6)
  2 white imps
  5 ufetubi
  A worm (D:3)
  2 dart slugs
  47 orcs
  3 bats
  6 endoplasms
  3 giant cockroaches
  15 goblins
  7 hobgoblins
  6 jackals
  22 kobolds
  3 quokkas
  5 ball pythons
  2 frilled lizards
  4 rats
241 creatures vanquished.

Vanquished Creatures (others)
  2 gnolls (D:6)
2 creatures vanquished.

Grand Total: 243 creatures vanquished

Notes
Turn   | Place    | Note
-------+----------+-------------------------------------------
     0 | D:1      | nucleargodhead the Demonspawn Berserker began the quest for
                  | the Orb.
     0 | D:1      | Reached XP level 1. HP: 18/18 MP: 1/1
   232 | D:1      | Gained mutation: You have large cloven feet. [demonic
                  | ancestry]
   232 | D:1      | Reached XP level 2. HP: 10/24 MP: 2/2
   611 | D:1      | Found a faded altar of an unknown god.
  1251 | D:2      | Found Qyklei's Assorted Antiques.
  1411 | D:2      | Reached XP level 3. HP: 29/29 MP: 3/3
  1859 | D:2      | Found Cimigim's Jewellery Shop.
  2563 | D:3      | Noticed Sigmund
  2566 | D:3      | Reached ** piety under Trog
  2575 | D:3      | Killed Sigmund
  2576 | D:3      | Reached skill level 4 in Fighting
  2576 | D:3      | Reached skill level 5 in Maces & Flails
  2576 | D:3      | Reached XP level 4. HP: 37/37 MP: 4/4
  2576 | D:3      | Gained mutation: You sometimes gain a little power by
                  | taking damage. [demonic ancestry]
  2576 | D:3      | Reached XP level 5. HP: 42/42 MP: 5/5
  2704 | D:3      | Noticed Robin
  2723 | D:3      | Killed Robin
  2734 | D:3      | Gained mutation: You are partially covered in icy blue
                  | scales. (AC +2) [demonic ancestry]
  2734 | D:3      | Reached XP level 6. HP: 36/48 MP: 6/6
  2996 | D:3      | Noticed Terence
  3013 | D:3      | Killed Terence
  3470 | D:4      | Found a shimmering altar of Xom.
  3473 | D:4      | Found a broken altar of Ashenzari.
  3476 | D:4      | Found a sparkling altar of Nemelex Xobeh.
  3479 | D:4      | Found a sacrificial altar of Ru.
  3565 | D:4      | Found a staircase to the Ecumenical Temple.
  3655 | D:4      | Reached skill level 1 in Stealth
  4005 | D:4      | Gained mutation: You have hoof-like feet. [demonic
                  | ancestry]
  4005 | D:4      | Reached XP level 7. HP: 48/55 MP: 7/7
  5004 | D:4      | Found a burning altar of Makhleb.
  5071 | D:5      | Entered Level 5 of the Dungeon
  5644 | D:5      | Reached skill level 5 in Fighting
  6063 | D:5      | Reached XP level 8. HP: 51/62 MP: 8/8
  7062 | D:5      | Reached *** piety under Trog
  7353 | D:6      | Identified the +2 robe of Jitevaxopu {rC+}
  7571 | D:2      | Bought a transparent mace for 152 gold pieces
  7571 | D:2      | Identified the +5 mace "Guyto" {freeze, rCorr} (You bought
                  | it in a shop on level 2 of the Dungeon)
  7971 | D:6      | Found Gywk's One-of-a-Kind Rings.
  8043 | D:6      | Found a shimmering blue altar of Sif Muna.
  8108 | D:6      | Reached skill level 6 in Fighting
  8186 | D:7      | Gained mutation: You are mostly covered in icy blue scales.
                  | (AC +3) [demonic ancestry]
  8186 | D:7      | Reached XP level 9. HP: 71/71 MP: 9/9
  8353 | D:7      | Found Wosch's Book Shop.
  8357 | D:7      | Found Myublass's Magic Scroll Shoppe.
  8631 | D:7      | Bought a scroll of identify for 28 gold pieces
  8631 | D:7      | Bought a scroll of identify for 28 gold pieces
  8631 | D:7      | Bought a scroll of identify for 28 gold pieces
  8649 | D:7      | Reached skill level 7 in Fighting
  8774 | D:7      | Reached skill level 10 in Maces & Flails
  8800 | D:7      | Found a blossoming altar of Fedhas.
  9282 | D:7      | Found Yrohar's Distillery.
  9644 | D:7      | Killed an unseen horror
 10032 | D:8      | Reached skill level 8 in Fighting
 10217 | D:8      | Found a staircase to the Lair.
 10251 | D:8      | Reached skill level 9 in Fighting
 10834 | D:9      | Reached XP level 10. HP: 82/83 MP: 10/10
 11627 | D:10     | Entered Level 10 of the Dungeon
 12180 | D:10     | Reached skill level 10 in Fighting
 12190 | D:10     | Noticed a manticore
 12197 | D:10     | Killed a manticore
 12237 | D:10     | Noticed a two-headed ogre
 12244 | D:10     | Killed a two-headed ogre
 12245 | D:10     | Reached skill level 11 in Fighting
 12815 | D:10     | Noticed a five-headed hydra
 12876 | D:10     | Killed a five-headed hydra
 13047 | D:10     | Reached skill level 12 in Fighting
 13047 | D:10     | Reached XP level 11. HP: 94/95 MP: 11/11
 13072 | D:10     | Noticed a fire dragon
 13083 | D:10     | HP: 4/142 [fire dragon (7)]
 13088 | D:10     | Slain by a fire dragon

Illustrated notes

Levels and vault maps discovered:
D:1:      nicolae_arrival_washed_ashore, layout_loops_ring,
          shapermc_ecumenical_altar_rom_forum, hex_large
D:2:      layout_basic, serial_shops, nicolae_square_shop,
          nicolae_shop_waterfront
D:3:      kennysheep_goblin_castle, layout_loops_ring, uniq_terence,
          uniq_sigmund
D:4:      layout_basic, makhleb_blood_cavern_becter,
          grunt_temple_overflow_cloverleaf, minmay_temple_entry_gardened_gates
D:5:      layout_basic
D:6:      layout_cave_pools, nicolae_sif_muna_little_library,
          nicolae_shop_unique_rings, kennysheep_flooded_box, grunt_ministairs_1,
          kennysheep_cross_bottleneck, amethyst_killhole, minmay_statues_item,
          kennysheep_generic_room_8
D:7:      layout_cave_pods, mainiacjoe_overflow_24_doors, serial_shops, shop,
          nicolae_wooded_promenade
D:8:      layout_loops_ring, dpeg_oklobed_lair, grunt_decor_cap
D:9:      layout_loops_ring
D:10:     minmay_quarter_circles, layout_loops_ring, chequers_decorated_corner

Skill      XL: |  1  2  3  4  5  6  7  8  9 10 |
---------------+-------------------------------+-----
Maces & Flails | 3 5 6 7 9 10 11 | 11.7
Fighting       | 4 5 6 9 12 | 12.0
Stealth        | 1 |  1.6
Armour         | |  1.7
Dodging        | |  1.7

Action                   |  1- 3 |  4- 6 |  7- 9 | 10-12 || total
-------------------------+-------+-------+-------+-------++-------
Melee: Mace              |   105 |    38 |   177 |   124 ||   444
       Kick              |    16 |    27 |    95 |    39 ||   177
       Punch             |     1 |       |     1 |     4 ||     6
       Whip              |       |    79 |   190 |       ||   269
Invok: Berserk           |     3 |     4 |    11 |     6 ||    24
       Trog's Hand       |     1 |     1 |     5 |     2 ||     9
Evoke: Wand              |       |       |       |     2 ||     2
  Use: Potion            |     1 |       |       |       ||     1
       Scroll            |       |     2 |     7 |     3 ||    12
 Stab: Sleeping          |     2 |       |       |       ||     2
       Paralysed         |       |       |       |     3 ||     3
Armor: Animal skin       |     4 |       |       |       ||     4
       Ring mail         |    28 |    29 |       |       ||    57
       Scale mail        |       |    32 |       |       ||    32
       Chain mail        |       |       |   240 |    58 ||   298
Dodge: Dodged            |    67 |    86 |   140 |    62 ||   355

Table legend: (Time is in decaauts)
 A = Elapsed time spent in this place.
 B = Non-inter-level travel time spent in this place.
 C = Inter-level travel time spent in this place.
 D = Time resting spent in this place.
 E = Time spent auto-exploring this place.
 F = Levels seen in this place.
 G = Mean time per level.
                   A        B        C        D        E       F      G
               +--------+--------+--------+--------+--------+-----+--------+
         Total |  13247 |  12599 |    648 |   3738 |   7313 |  10 | 1324.7 |
       Dungeon |  13247 |  12599 |    648 |   3738 |   7313 |  10 | 1324.7 |
               +--------+--------+--------+--------+--------+-----+--------+

Top non-repeatable levels by time:
     D:5: 2061 daAuts
     D:4: 1784 daAuts
     D:7: 1692 daAuts
     D:3: 1377 daAuts
    D:10: 1305 daAuts
     D:1: 1174 daAuts
     D:9: 1042 daAuts
     D:2: 983 daAuts
     D:8: 962 daAuts
     D:6: 864 daAuts
